AoeStats
← sloth

MegaRandom

510280313Analyzed
2v2 RM · 1d ago on Sep 30, 2026· 26m 24s· 4 players
Game mode
Random Map
Map size
Medium (4 player)
Population
200
Speed
Normal
Resources
Standard
Victory
Conquest
Starting age
Dark Age
Ending age
Imperial Age
RankedLock teamsTeams togetherTeam positionsShared explorationLock speedFull tech treeHidden civsTurbo modeCheats
Victory
Defeat
🇬🇧 Ethiopians · United Kingdom
1262
+13
🇮🇹 Lithuanians · Italy
1245
+13
🇳🇿 Varangians · New Zealand
1187
-13
🇳🇿 Saxons · New Zealand
1185
-13
pietro91
11:18 Feudal Age
12:31 Double-Bit Axe
14:58 Castle Age
16:50 Horse Collar
20:09 Husbandry
21:13 Scale Barding Armor
25:23 Wheelbarrow
25:00 Stone Mining
RiChardge
12:01 Feudal Age
13:48 Fishing Lines
14:32 Loom
14:44 Fletching
18:23 Castle Age
19:00 Crossbowman
19:37 Bodkin Arrow
24:51 Double-Bit Axe
flame
12:37 Feudal Age
12:30 Loom
13:55 Double-Bit Axe
16:26 Castle Age
15:58 Gold Mining
17:49 Bow Saw
sloth
11:39 Feudal Age
15:31 Castle Age
13:44 Double-Bit Axe
15:24 Loom
22:08 Scale Barding Armor
Connection lost

Rejoining the realm…

Still unreachable

The connection could not be restored.

Session expired

The server has moved on; the page needs a fresh start.